 Dungeon Crawl Stone Soup version 0.31-a0-1227-g0136665373 (webtiles) character file.

Game seed: 4861853381280092167

1322 Curundu the Poker (level 8, 0/67 HPs)
             Began as a Grey Draconian Berserker on Dec 15, 2023.
             Was a Priest of Trog.
             Slain by an acid dragon (3 damage)
             ... on level 6 of the Dungeon.
             The game lasted 00:18:54 (5644 turns).

Curundu the Poker (Grey Draconian Berserker)        Turns: 5644, Time: 00:18:55

Health: 0/67       AC:  1    Str: 27    XL:     8   Next: 33%
Magic:  8/8        EV: 11    Int:  8    God:    Trog [***...]
Gold:   62         SH: 15    Dex: 11    Spells: 7/7 levels left

rFire   . . .        a - +2 spear
rCold   . . .        g - +2 tower shield
rNeg    . . .        (body armour unavailable)
rPois   .            (helmet restricted)
rElec   .            v - +0 cloak
rCorr   .            w - +0 pair of gloves
SInv    .            (no boots)
Will    +....        (no amulet)
Stlth   ++           e - +6 ring of strength
HPRegen 0.31/turn    C - ring of willpower
MPRegen 0.11/turn

%: no passive effects
@: corroded, studying Short Blades
A: AC +11, amphibious, unfitting armour, cold-blooded
a: Renounce Religion, Berserk, Trog's Hand


You were on level 6 of the Dungeon.
You worshipped Trog.
Trog was most pleased with you.
You visited 1 branch of the dungeon, and saw 6 of its levels.

You collected 292 gold pieces.
You spent 230 gold pieces at shops.

Inventory:

Hand Weapons
 a - a +2 spear (weapon)
Armour
 g - a +2 tower shield (worn)
 v - a +0 cloak (worn)
 w - a +0 pair of gloves (worn)
Magical Staves
 d - a staff of fire
 q - a staff of death
Jewellery
 e - a +6 ring of strength (left hand)
 f - an amulet of guardian spirit
 n - an amulet of faith
 t - a ring of ice
 u - a ring of flight
 z - a ring of magical power
 C - a ring of willpower (right hand)
Scrolls
 b - 2 scrolls of immolation
 l - a scroll of teleportation {unknown}
 r - a scroll of poison {unknown}
 s - 2 scrolls of fear
 y - a scroll of vulnerability
 A - a scroll of brand weapon {unknown}
 B - 2 scrolls of identify
Potions
 c - 2 potions of enlightenment
 h - a potion of mutation {unknown}
 i - a potion of haste {unknown}
 j - 2 potions of resistance
 k - 3 potions of berserk rage
 m - 2 potions of lignification {unknown}
 o - 2 potions of curing
 p - a potion of magic {unknown}
 x - a potion of brilliance {unknown}


   Skills:
 + Level 4.9 Fighting
 + Level 6.1 Polearms
 + Level 5.3 Dodging
 + Level 1.7 Stealth
 + Level 5.5 Shields


You had 7 spell levels left.
You didn't know any spells.
Your spell library was empty.

Dungeon Overview and Level Annotations

Branches:
Dungeon (6/15)
 Temple: D:4-7

Altars:
Ashenzari
Cheibriados
Fedhas
Gozag
Vehumet
Xom

Shops:
D:5 ?


Innate Abilities, Weirdness & Mutations

Your dull iron-grey scales are very hard. (AC +11)
You are amphibious.
You cannot fit into any form of body armour.
You are cold-blooded and may be slowed by cold attacks.


Message History

The acid dragon is lightly wounded.
You block the acid dragon's attack. The acid dragon claws you.
* * * LOW HITPOINT WARNING * * *
You hit the acid dragon but do no damage.
The acid dragon is lightly wounded.
The acid dragon spits acid at you. You block the splash of acid.
You closely miss the acid dragon.
You tail-slap the acid dragon, but do no damage.
The acid dragon is lightly wounded.
The acid dragon completely misses you. You block the acid dragon's attack.
You hit the acid dragon but do no damage.
The acid dragon is lightly wounded.
The acid dragon barely misses you. You block the acid dragon's attack.
You hit the acid dragon but do no damage.
The acid dragon is lightly wounded.
The acid dragon completely misses you. The acid dragon claws you.
* * * LOW HITPOINT WARNING * * *
You closely miss the acid dragon.
The acid dragon is lightly wounded.
You block the acid dragon's attack. x2
You completely miss the acid dragon.
You tail-slap the acid dragon, but do no damage.
The acid dragon is lightly wounded.
The acid dragon spits acid at you. You block the splash of acid.
You hit the acid dragon.
You tail-slap the acid dragon, but do no damage.
The acid dragon is lightly wounded.
You block the acid dragon's attack. The acid dragon closely misses you.
You hit the acid dragon but do no damage.
The acid dragon is lightly wounded.
The acid dragon closely misses you. You block the acid dragon's attack.
You barely miss the acid dragon.
The acid dragon is lightly wounded.
You block the acid dragon's attack. x2
You hit the acid dragon.
The acid dragon is lightly wounded.
You block the acid dragon's attack. The acid dragon claws you.
You die...

.....##...................###.
...................#..#.#..†..
....#.............#..###....#
.............................#
............)).....#..##.#.....
#.###...#...))#.......##.#.....
##.#..###.(....................
#...........>..................
..............@................
....#.....#.##D...............
. ##......#...............<.
#..#............##.......
....#.....................
...##.D........#...#.....# ###
.........#.#...###...##
.#..#...##....#........
..#...#..#.........#....


You could see an acid dragon.

Vanquished Creatures
  Eustachio (D:6)
  A water moccasin (D:6)
  A black bear (D:5)
  An ice beast (D:6)
  A bullfrog (D:6)
  2 scorpions (D:5)
  4 wights (D:6)
  A howler monkey (D:6)
  3 hounds
  2 jellies
  An iron imp (D:6)
  An orc wizard (D:4)
  2 scorpion zombies (D:5)
  A sleepcap (D:6)
  5 gnolls
  6 adders
  2 adder skeletons (D:5)
  An adder zombie (D:5)
  A worm (D:2)
  4 dart slugs
  5 orcs (D:4)
  7 ball pythons
  4 endoplasms
  8 giant cockroaches
  6 goblins
  4 hobgoblins
  3 jackals (D:5)
  8 quokkas
  9 bats
  6 frilled lizards
  3 kobolds
  3 rats
107 creatures vanquished.

Notes
Turn   | Place    | Note
-------+----------+-------------------------------------------
     0 | D:1      | Curundu the Draconian Berserker began the quest for the
                  | Orb.
     0 | D:1      | Reached XP level 1. HP: 19/19 MP: 1/1
   250 | D:1      | Reached XP level 2. HP: 24/26 MP: 2/2
   869 | D:2      | Reached ** piety under Trog
   967 | D:2      | Reached XP level 3. HP: 21/33 MP: 3/3
  1097 | D:2      | Found a faded altar of an unknown god.
  1601 | D:2      | Reached XP level 4. HP: 40/40 MP: 4/4
  1652 | D:2      | Reached skill level 4 in Polearms
  2150 | D:3      | Reached skill level 1 in Shields
  2316 | D:3      | Found an opulent altar of Gozag.
  2549 | D:3      | Found a blossoming altar of Fedhas.
  3187 | D:4      | Found a radiant altar of Vehumet.
  3238 | D:4      | Reached XP level 5. HP: 43/46 MP: 5/5
  3726 | D:5      | Entered Level 5 of the Dungeon
  3933 | D:5      | Reached XP level 6. HP: 30/52 MP: 6/6
  4117 | D:5      | Reached *** piety under Trog
  4118 | D:5      | Reached skill level 1 in Stealth
  4251 | D:5      | Reached skill level 5 in Polearms
  4492 | D:5      | Found Luirau Saoja's Magic Scroll Boutique.
  4511 | D:5      | Bought a scroll of identify for 22 gold pieces
  4511 | D:5      | Bought a scroll of enchant weapon for 82 gold pieces
  4511 | D:5      | Bought a scroll of enchant armour for 82 gold pieces
  4511 | D:5      | Bought a scroll of identify for 22 gold pieces
  4511 | D:5      | Bought a scroll of identify for 22 gold pieces
  4694 | D:5      | Your scales start taking on a dull iron-grey colour.
  4694 | D:5      | Reached XP level 7. HP: 60/60 MP: 7/7
  5308 | D:6      | Noticed Eustachio
  5331 | D:6      | Killed Eustachio
  5332 | D:6      | Reached skill level 5 in Dodging
  5332 | D:6      | Reached XP level 8. HP: 59/67 MP: 8/8
  5394 | D:6      | Found a snail-covered altar of Cheibriados.
  5413 | D:6      | Reached skill level 5 in Shields
  5420 | D:6      | Reached skill level 6 in Polearms
  5566 | D:6      | Found a shimmering altar of Xom.
  5574 | D:6      | Found a broken altar of Ashenzari.
  5638 | D:6      | HP: 2/67 [acid dragon (5)]
  5644 | D:6      | Slain by an acid dragon

Illustrated notes

Levels and vault maps discovered:
D:1:      minmay_arrival_four_houses, layout_basic, kennysheep_pointless_box,
          minmay_cut_off
D:2:      layout_loops_ring, shapermc_ecumenical_altar_starsandcircs,
          roderic_roman_lattice
D:3:      layout_loops_corners, lemuel_doored_altar, fedhas_altar_3,
          nrook_campfire, st_stairs_1
D:4:      layout_loops_ring, mainiacjoe_overflow_boulevard,
          minmay_manual_monstrance
D:5:      layout_cave_pools, serial_shops, nicolae_shop_tiny_glass,
          mainiacjoe_ossuary_entry_find_the_door, gup_sewer_entry_pipe
D:6:      layout_cave_pools, slow_altar_1, overflow_temple_1_default,
          ashenzari_altar_1, uniq_eustachio

Skill      XL: |  1  2  3  4  5  6  7  8 |
---------------+-------------------------+-----
Dodging        | 3 4 5 |  5.3
Polearms       | 4 5 6 |  6.1
Shields        | 2 3 4 5 |  5.5
Fighting       | 4 |  4.9
Stealth        | 1 |  1.7

Action                     |  1- 3 |  4- 6 |  7- 9 || total
---------------------------+-------+-------+-------++-------
  Melee: Spear             |   131 |   198 |   194 ||   523
         Tailslap          |     9 |    25 |    27 ||    61
    Use: Scroll            |       |    11 |       ||    11
   Stab: Sleeping          |     1 |       |     1 ||     2
 Armour: Skin              |    91 |   120 |   113 ||   324
  Dodge: Dodged            |    92 |    74 |    75 ||   241
  Block: Tower shield      |    71 |   164 |   204 ||   439

Table legend: (Time is in decaauts)
 A = Elapsed time spent in this place.
 B = Non-inter-level travel time spent in this place.
 C = Inter-level travel time spent in this place.
 D = Time resting spent in this place.
 E = Time spent auto-exploring this place.
 F = Levels seen in this place.
 G = Mean time per level.
                   A        B        C        D        E       F      G
               +--------+--------+--------+--------+--------+-----+--------+
         Total |   5700 |   5700 |      0 |      5 |   4291 |   6 |  950.0 |
       Dungeon |   5700 |   5700 |      0 |      5 |   4291 |   6 |  950.0 |
               +--------+--------+--------+--------+--------+-----+--------+

Top non-repeatable levels by time:
     D:5: 1285 daAuts
     D:2: 999 daAuts
     D:3: 981 daAuts
     D:4: 919 daAuts
     D:1: 862 daAuts
     D:6: 652 daAuts
